Cogmind - Beta 13 @@@ ROGUE MODE // 2024.06.09 @ 17:11:28 Player: Spoodle Result: Self-destructed Performance ------------- Evolutions (2) 1000 Regions Visited (5) 1000 Robots Destroyed (37) 185 Value Destroyed (826) 826 Prototype IDs (31) 620 Alien Tech Used (0) 0 Bonus (291) 291 TOTAL SCORE: 3922 Bonus ------- Follower Combat Kills 7 Aligned with FarCom 300 Friendly Fire -16 Cogmind --------- Core Integrity 495/550 Matter 300/300 Energy 140/140 System Corruption 0% Temperature Cool (0) Movement Rolling (155) Ox5 Location -8/Materials Parts ------- > --- POWER (1) -------- Light Deuterium Engine > --- PROPULSION (3) --- Light Treads Light Treads Wheel > --- UTILITY (5) ------ High-capacity Storage Unit Structural Scanner Improved Terrain Scanner Advanced Terrain Scan Processor Targeting Computer > --- WEAPON (2) ------- Beam Rifle Heavy Assault Rifle > --- INVENTORY (20) --- Ion Engine Carbon-fiber Leg Improved Heat Sink Improved Heat Sink Improved Heat Sink High-capacity Storage Unit High-capacity Matter Pod (200) Sensor Array Core Analyzer Transmission Jammer Hardened Light Armor Plating Reactive Plating System Shield Beam Rifle Pulse Rifle YOLO Cannon Grenade Launcher Mini Grenade Launcher Mining Laser Peak State ------------ > --- POWER ------------ Light Deuterium Engine > --- PROPULSION ------- Light Treads Light Treads Wheel > --- UTILITY ---------- High-capacity Storage Unit Structural Scanner Improved Terrain Scanner Advanced Terrain Scan Processor Targeting Computer > --- WEAPON ----------- Beam Rifle Beam Rifle > --- INVENTORY -------- Ion Engine Carbon-fiber Leg Improved Heat Sink Improved Heat Sink Improved Heat Sink High-capacity Storage Unit High-capacity Matter Pod Machine Analyzer Sensor Array Transmission Jammer Hardened Light Armor Plating Reactive Plating System Shield Beam Rifle Pulse Rifle YOLO Cannon Grenade Launcher Mini Grenade Launcher Mining Laser [Rating: 26] Favorites ----------- Power Ion Engine Engine Ion Engine Propulsion Light Treads Treads Light Treads Leg Aluminum Leg Wheel Wheel Utility High-capacity Storage Unit Device Sensor Array Storage High-capacity Storage Unit Processor Targeting Computer Weapon Assault Rifle Energy Gun Beam Rifle Ballistic Gun Assault Rifle Launcher Mini Grenade Launcher Special Weapon Mining Laser Build | -11 -10 -10 -10 -9 -8 ------- Run | Yrd Mat Min Exi Min Mat Slots Evolved 4 | . . . . . 4 Power . | . . . . . . Propulsion 1 | . . . . . 1 Utility 3 | . . . . . 3 Weapon . | . . . . . . Parts Attached 53 | 7 18 . 1 4 23 Power 3 | 1 1 . . . 1 Engine 3 | 1 1 . . . 1 Core . | . . . . . . Reactor . | . . . . . . Propulsion 16 | 2 11 . . 1 2 Treads 7 | . 5 . . 1 1 Leg 8 | 2 6 . . . . Wheel 1 | . . . . . 1 Hover . | . . . . . . Flight . | . . . . . . Utility 12 | 2 4 . 1 1 4 Device 6 | 1 3 . . 1 1 Storage 3 | 1 1 . 1 . . Processor 3 | . . . . . 3 Hackware . | . . . . . . Protection . | . . . . . . Artifact . | . . . . . . Weapon 22 | 2 2 . . 2 16 Energy Gun 8 | 1 1 . . 1 5 Energy Cannon . | . . . . . . Ballistic Gun 6 | 1 1 . . . 4 Ballistic Cannon . | . . . . . . Launcher 4 | . . . . 1 3 Special Weapon 4 | . . . . . 4 Impact Weapon . | . . . . . . Slashing Weapon . | . . . . . . Piercing Weapon . | . . . . . . Special Melee Weapon . | . . . . . . Unidentified Prototypes 2 | . . . . . 2 Parts Lost 4 | . 1 . . 1 2 Power . | . . . . . . Propulsion 2 | . . . . 1 1 Utility 1 | . 1 . . . . Weapon 1 | . . . . . 1 Highest Loss Streak 1 | . 1 . . 1 1 To Critical Strikes . | . . . . . . Average Slot Usage (%) 98 | . 98 100 100 99 96 Engine 12 | . 14 14 14 14 9 Treads 20 | . 9 28 28 27 18 Leg 5 | . 18 . . . . Wheel 1 | . . . . . 5 Device 14 | . 13 14 14 14 18 Storage 12 | . 14 14 14 14 9 Processor 4 | . . . . . 17 Energy Gun 11 | . 6 14 14 13 12 Ballistic Gun 13 | . 21 14 14 14 5 Naked Turns . | . . . . . . Heaviest Build 53 | 13 21 21 51 51 53 Greatest Support 40 | 20 40 40 40 40 40 Greatest Overweight (x) 5 | 2 1 . 1 1 5 Average Overweight (x) 1 | . . . . 1 3 Largest Inventory Capacity 20 | 8 10 10 20 20 20 Average Capacity 15 | 7 9 10 16 20 20 Most Carried 20 | 8 10 10 13 20 20 Average Carried 13 | 6 8 10 10 17 19 Final Capacity 20 | 8 10 10 20 20 20 Final Carried 20 | 8 10 10 13 20 20 Class Distribution -------------------- 57% | Mutant 30% | Skirmisher 12% | Scavenger-Mutant Dominant Class ---------------- Mutant | -10/Materials Mutant | -10/Mines Mutant | -10/Exiles Mutant | -9/Mines Skirmisher | -8/Materials Resources | -11 -10 -10 -10 -9 -8 ----------- Run | Yrd Mat Min Exi Min Mat Matter Collected 1362 | 309 434 . 150 138 331 Remotely . | . . . . . . Salvage Created 944 | 109 452 . . 53 330 Parts 64 | 7 41 . . 3 13 Haulers Intercepted . | . . . . . . Recyclers Shooed . | . . . . . . Parts Field Recycled . | . . . . . . Retrieved Matter . | . . . . . . Parts Self-Destructed . | . . . . . . Prevented . | . . . . . . Kills | -11 -10 -10 -10 -9 -8 ------- Run | Yrd Mat Min Exi Min Mat Combat Hostiles Destroyed 24 | . 8 . . 5 11 Guns 12 | . 8 . . 2 2 AOE 12 | . . . . 3 9 Classes Destroyed 11 | 2 4 . . 3 2 Worker 3 | 2 1 . . . . Builder 1 | . 1 . . . . Tunneler 4 | 4 . . . . . Recycler 1 | . . . . . 1 Operator 1 | . 1 . . . . Watcher 4 | . 3 . . . 1 Swarmer 9 | . . . . 3 6 Grunt 11 | . 8 . . . 3 Sentry 2 | . . . . . 2 Demolisher 1 | . . . . 1 . Assembled 1 | . . . . 1 . Best Kill Streak 9 | 2 2 . . 3 9 Combat Bots Only 9 | . 2 . . 3 9 Max Kills in Single Turn 3 | 1 1 . . 3 3 Gunslinging . | . . . . . . Exploded 3 | . . . . 3 3 Melee . | . . . . . . Uniques/NPCs Destroyed . | . . . . . . Combat | -11 -10 -10 -10 -9 -8 -------- Run | Yrd Mat Min Exi Min Mat Hostile Shots Fired 67 | . 34 . . 9 24 Missed 13 | . 5 . . 1 7 Damage Taken 898 | . 421 . . 247 230 Core 244 | . 123 . . 66 55 Absorbed by Shields . | . . . . . . Core Remaining (%) 62 | 100 . . . 24 . Volleys Fired 96 | 13 51 . . 11 21 Largest 2 | 2 2 . . 2 2 Hottest 112 | 70 70 . . 76 112 Shots Fired 179 | 26 102 . . 20 31 Gun 166 | 26 102 . . 18 20 Cannon . | . . . . . . Launcher 8 | . . . . 2 6 Special 5 | . . . . . 5 Kinetic 114 | 13 85 . . 9 7 Thermal 57 | 13 17 . . 9 18 Explosive 8 | . . . . 2 6 Electromagnetic . | . . . . . . Robot Hit Streak 14 | 3 6 . . 8 14 Robot Miss Streak 4 | 2 4 . . 2 2 Penetration Max . | . . . . . . Secondary Targets 1 | . 1 . . . . Max Gunslinging Chain 1 | . 1 . . . . Shots Hit Robots 104 | 14 60 . . 13 17 Core Hits 58 | 6 28 . . 8 16 Critical Kills . | . . . . . . Critical Parts Destroyed 1 | . 1 . . . . Critical Strikes 6 | . 2 . . 1 3 Burn 5 | . 1 . . 1 3 Destroy 1 | . 1 . . . . Melee Attacks . | . . . . . . Impact . | . . . . . . Slashing . | . . . . . . Piercing . | . . . . . . Sneak Attacks . | . . . . . . Combat Hostiles . | . . . . . . Follow-up Attacks . | . . . . . . Damage Inflicted 2106 | 184 786 . . 295 841 Guns 1378 | 184 786 . . 167 241 Cannons . | . . . . . . Explosions 728 | . . . . 128 600 Melee . | . . . . . . Ramming . | . . . . . . Kinetic 971 | 134 676 . . 79 82 Thermal 407 | 50 110 . . 88 159 Explosive 728 | . . . . 128 600 Electromagnetic . | . . . . . . Impact . | . . . . . . Slashing . | . . . . . . Piercing . | . . . . . . Highest Corruption . | . . . . . . Average Corruption . | . . . . . . Corruption Purged . | . . . . . . Corruption Blocked . | . . . . . . Overload Shots . | . . . . . . Overflow Damage 52 | . . . . . 52 Projectiles . | . . . . . . Explosions 52 | . . . . . 52 Melee . | . . . . . . Knockbacks . | . . . . . . Impact . | . . . . . . Kinetic . | . . . . . . Secondary . | . . . . . . Self-Inflicted Damage 13 | . . . . 13 . Shots 1 | . . . . 1 . Rammed . | . . . . . . Targets Rammed . | . . . . . . Kicked . | . . . . . . Crushed . | . . . . . . Highest Temperature 150 | 36 150 . . 75 117 Average Temperature 33 | 12 48 . . 35 31 Received Heat Transfer 318 | . 237 . . . 81 Siege Activations . | . . . . . . Robots Corrupted . | . . . . . . Combat Hostiles . | . . . . . . Parts Fried . | . . . . . . Impact Corruptions . | . . . . . . Robots Melted . | . . . . . . Combat Hostiles . | . . . . . . Parts Melted 5 | 1 . . . . 4 Heat Transferred 1480 | 148 407 . . 296 629 Parts Sabotaged . | . . . . . . Parts Stolen . | . . . . . . Parts Stripped . | . . . . . . Power Chain Reactions . | . . . . . . Alert | -11 -10 -10 -10 -9 -8 ------- Run | Yrd Mat Min Exi Min Mat Peak Influence 401 | 30 261 . . 110 401 Initial 19 | . 19 . . . . Average 55 | 14 70 . . 23 87 Maximum Alert Level 2 | . 1 . . . 2 Low Security (%) 90 | 100 90 100 . 100 77 Level 1 9 | . 9 . . . 22 Level 2 . | . . . . . . Level 3 . | . . . . . . Level 4 . | . . . . . . Level 5 . | . . . . . . High Security . | . . . . . . Max Security . | . . . . . . Squads Dispatched 2 | . 1 . . . 1 Investigation . | . . . . . . Extermination . | . . . . . . Reinforcement 2 | . 1 . . . 1 Assault . | . . . . . . Garrison . | . . . . . . Intercept . | . . . . . . Searches Triggered . | . . . . . . Construction Impeded . | . . . . . . Haulers Reinforced . | . . . . . . Active Scanning Responses . | . . . . . . Cargo Convoy Interrupts . | . . . . . . Stealth | -11 -10 -10 -10 -9 -8 --------- Run | Yrd Mat Min Exi Min Mat Distress Signals 6 | . 2 . . 1 3 Communications Jammed . | . . . . . . Distress Signals . | . . . . . . Times Spotted 48 | . 17 . . 10 21 Peak Tracking Total 14 | . 4 . . 14 6 Tactical Retreats 1 | . . . . . 1 Traps | -11 -10 -10 -10 -9 -8 ------- Run | Yrd Mat Min Exi Min Mat Traps Triggered . | . . . . . . Indirectly . | . . . . . . Trap Hack Attempts . | . . . . . . Triggered . | . . . . . . Disarmed . | . . . . . . Reprogrammed . | . . . . . . Reused . | . . . . . . Traps Extracted . | . . . . . . Installed . | . . . . . . Triggered . | . . . . . . Machines | -11 -10 -10 -10 -9 -8 ---------- Run | Yrd Mat Min Exi Min Mat Machines Disabled 1 | . . . . . 1 Max in Single Turn 1 | . . . . . 1 Machines Repaired . | . . . . . . Machines Dismantled . | . . . . . . Machines Sabotaged . | . . . . . . Overloaded Fab Kills . | . . . . . . Hacking | -11 -10 -10 -10 -9 -8 --------- Run | Yrd Mat Min Exi Min Mat Machines Accessed 16 | . 6 . 2 . 8 Terminals 14 | . 6 . . . 8 Fabricators . | . . . . . . Repair Stations . | . . . . . . Recycling Units . | . . . . . . Scanalyzers . | . . . . . . Garrison Access . | . . . . . . Total Hacks 36 | . 17 . 3 . 16 Successful 16 | . 5 . 3 . 8 Failed 19 | . 11 . . . 8 Catastrophic 2 | . . . . . 2 Database Lockouts 1 | . 1 . . . . Manual 13 | . 7 . 1 . 5 Terminals 33 | . 17 . . . 16 Fabricators . | . . . . . . Repair Stations . | . . . . . . Recycling Units . | . . . . . . Scanalyzers . | . . . . . . Garrison Access . | . . . . . . Terminal Hacks 15 | . 5 . 3 . 7 Record 2 | . . . 2 . . Robot Analysis 2 | . 1 . . . 1 Prototype ID Bank 3 | . 1 . . . 2 Alert Level 2 | . 2 . . . . Locate Traps 3 | . 1 . . . 2 Dispatch Records 1 | . . . . . 1 Hauler Manifests 1 | . . . . . 1 Derelict Proto ID Bank 1 | . . . 1 . . Fabricator Hacks . | . . . . . . Repair Station Hacks . | . . . . . . Recycling Unit Hacks . | . . . . . . Scanalyzer . | . . . . . . Garrison Access Hacks . | . . . . . . Unauthorized Hacks 1 | . . . . . 1 Terminals 1 | . . . . . 1 Assimilate 1 | . . . . . 1 Fabricators . | . . . . . . Repair Stations . | . . . . . . Recycling Units . | . . . . . . Scanalyzers . | . . . . . . Garrison Access . | . . . . . . Data Cores Recovered . | . . . . . . Used . | . . . . . . Hacking Detections 8 | . 4 . . . 4 Full Trace Events 2 | . 2 . . . . Feedback Events . | . . . . . . Feedback Blocked . | . . . . . . Robot Schematics Acquired . | . . . . . . Robots Built . | . . . . . . Authchips . | . . . . . . Time . | . . . . . . Total Robot Build Rating . | . . . . . . Part Schematics Acquired . | . . . . . . Parts Built . | . . . . . . Authchips . | . . . . . . Time . | . . . . . . Total Part Build Rating . | . . . . . . Parts Repaired . | . . . . . . Time . | . . . . . . Parts Recycled . | . . . . . . Recycled Matter . | . . . . . . Retrieved Matter . | . . . . . . Retrieved Components . | . . . . . . Parts Scanalyzed . | . . . . . . Part Schematics Acquired . | . . . . . . Parts Damaged . | . . . . . . Bothacking | -11 -10 -10 -10 -9 -8 ------------ Run | Yrd Mat Min Exi Min Mat Used RIF Installer . | . . . . . . Robots Hacked . | . . . . . . Non-combat . | . . . . . . Combat . | . . . . . . Robot Hacks Applied . | . . . . . . Relay Couplers Released . | . . . . . . Fabnet Peak Effective % . | . . . . . . Robots Rewired . | . . . . . . Allies Hacked . | . . . . . . Hacks Repelled . | . . . . . . Allies | -11 -10 -10 -10 -9 -8 -------- Run | Yrd Mat Min Exi Min Mat Total Allies 4 | . . . . 4 . Largest Group 4 | . . . . 4 . Highest-Rated Group 71 | . . . . 71 . Highest-Rated Ally 31 | . . . . 31 . Total Orders . | . . . . . . Ally Attacks 23 | . . . . 23 . Total Damage 183 | . . . . 183 . Kills 3 | . . . . 3 . Allies Corrupted . | . . . . . . Allies Melted . | . . . . . . Intel | -11 -10 -10 -10 -9 -8 ------- Run | Yrd Mat Min Exi Min Mat Robot Analysis Total 2 | . 1 . . . 1 Derelict Logs Recovered 1 | . . . . 1 . Drone Launches . | . . . . . . Drone Recoveries . | . . . . . . Exploration | -11 -10 -10 -10 -9 -8 ------------- Run | Yrd Mat Min Exi Min Mat Turns Passed 4881 | 222 1295 61 883 1346 1074 Spaces Moved 2340 | 124 733 39 434 523 487 Core 10 | 10 . . . . . Treads 1384 | . 242 39 434 523 146 Legs 605 | 114 491 . . . . Wheels 341 | . . . . . 341 Hover . | . . . . . . Flight . | . . . . . . Fastest Speed 50 | 50 120 160 160 240 155 Average Speed 180 | 119 136 160 202 240 180 Slowest Speed 240 | 150 190 160 240 240 240 Overloaded Moves . | . . . . . . Propulsion Burnouts . | . . . . . . Robots Hopped . | . . . . . . Cave-ins Triggered . | . . . . . . Exploration Rate (%) 50 | 6 93 15 61 86 43 Regions Visited 5 Branch Regions 3 Pre-discovered Areas 1 | . . . 1 . . Known Exits Taken 1 | . . . . 1 . Unknown Exits Taken 4 | 1 1 1 1 . . Scrap Searched 1 | . . . . 1 . Spaces Dug 4 | . . . . . 4 Terrain Destroyed 74 | . . . . 15 59 Melee . | . . . . . . Projectile 4 | . . . . . 4 AOE 70 | . . . . 15 55 Terrain Rammed . | . . . . . . Walls Destroyed . | . . . . . . Machines Disabled . | . . . . . . Actions | -11 -10 -10 -10 -9 -8 --------- Run | Yrd Mat Min Exi Min Mat Total 2806 | 168 927 38 443 594 636 Wait 243 | 17 97 . 2 45 82 Move 2335 | 123 732 38 433 522 487 Hop . | . . . . . . Pick Up 45 | 8 12 . 4 10 11 Fast Attach 16 | 7 4 . . . 5 Attach 6 | . . . . 1 5 Detach . | . . . . . . Swap 33 | . 14 . 1 3 15 Drop 32 | . 17 . 3 2 10 Fire 96 | 13 51 . . 11 21 Melee . | . . . . . . Ram . | . . . . . . Kick . | . . . . . . Crush . | . . . . . . Escape Stasis . | . . . . . . Rewire . | . . . . . . Trap . | . . . . . . Miscellaneous . | . . . . . . Route ------- -11/Scrapyard -10/Materials (discovered 4 exits: [*Mat x3] / [*Min]) -10/Mines -10/Exiles -9/Mines (discovered 2 exits: *Mat x2) -8/Materials (discovered 2 exits: [*Fac] / [Sto]) History --------- Turn | Location | Event 11 | -11/Scrapyard | Discovered new exit (range 14) 223 | -11/Scrapyard | Entered Materials 340 | -10/Materials | Build established: Mutant 695 | -10/Materials | Discovered new exit (range 4) 738 | -10/Materials | Central database locked down 874 | -10/Materials | Build established: Scavenger-Mutant 1069 | -10/Materials | Discovered new exit (range 13) 1212 | -10/Materials | Discovered new exit (range 15) 1411 | -10/Materials | Discovered new exit (range 15) 1446 | -10/Materials | Build established: Mutant 1518 | -10/Materials | Entered Mines 1573 | -10/Mines | Deemed a non-threat by the Exiles lab entrance 1573 | -10/Mines | Discovered new exit (range 5) 1579 | -10/Mines | Entered Exiles 1619 | -10/Exiles | Met 8R-AWN 1645 | -10/Exiles | Met EX-HEX 1693 | -10/Exiles | Met EX-BIN 1711 | -10/Exiles | Aligned with FarCom system 1712 | -10/Exiles | Given EX-Vault access code 1749 | -10/Exiles | Opened EX-Vault 1763 | -10/Exiles | Found Longsword +1 1796 | -10/Exiles | Warned to stay clear of 0b10 Research branches 1841 | -10/Exiles | Met EX-DEC 1857 | -10/Exiles | Learned location of Zion (-6) 1963 | -10/Exiles | Discovered new exit (range 10) 2206 | -10/Exiles | Found YOLO Cannon 2462 | -10/Exiles | Left Exiles lab with YOLO Cannon 2462 | -10/Exiles | Entered Mines 2465 | -9/Mines | Received a Mining Laser from a helpful Derelict 2485 | -9/Mines | Met a Derelict bent on vengeance 2605 | -9/Mines | Assisted by bots powering up and referring to "LRC-V3" 2663 | -9/Mines | Received a Rocket Launcher from a helpful Derelict 2689 | -9/Mines | Assembled infested the area 2741 | -9/Mines | Lost 4 allies 2742 | -9/Mines | Core integrity fell below 50% 2772 | -9/Mines | Build established: Skirmisher 3154 | -9/Mines | Build established: Mutant 3635 | -9/Mines | Discovered new exit (range 13) 3760 | -9/Mines | Identified exit to Materials 3808 | -9/Mines | Entered Materials 3808 | -8/Materials | Evolved 4 slots: Propulsion x1, Utility x3 3815 | -8/Materials | Discovered new exit (range 15) 4113 | -8/Materials | Build established: Skirmisher 4577 | -8/Materials | Discovered new exit (range 16) 4660 | -8/Materials | Destroyed 9 combat bots 4882 | -8/Materials | Self-destructed Last Messages --------------- 04780_ Y-45 Defender suffers critical hit (Burn). 04786_ R-06 Scavenger collects Beam Rifle. 04786_ Heat Sink melted. 04786_ Lgt. Treads melted. 04786_ Y-45 Defender destroyed. 04788_ R-06 Scavenger collects Lgt. Armor Plating. 04789_ R-06 Scavenger suffers critical hit (Burn). 04789_ R-06 Scavenger destroyed. 04792_ Acquired 65 matter. 04795_ K-01 Serf collects debris. 04796_ K-01 Serf cleans the Terminal. 04800_ U-05 Engineer builds a Door. 04805_ K-01 Serf collects debris. 04819_ K-01 Serf cleans the Matter Filter. 04823_ K-01 Serf collects debris. 04825_ K-01 Serf cleans the Terminal. 04864_ K-01 Serf collects debris. 04874_ R-06 Scavenger collects Com. Wheel. 04878_ R-06 Scavenger collects Machine Analyzer. 04880_ W-25 Informer sends out distress signal. Map ----- +----------------------------------------------------+ | ????????#??#######+########+##################+## | | ?????? ?? #?## ## ############ | | ??????? ?????##? """ ## """"""" ###?######## """ | | ????????""" ?#?? ""? ## """"""" ######??#?## """ | | ??????????????##?""" ## """"""" ####### # """ | | ??????????? ?? # ? ? ## """"""" ####### # | | ?????????????#??? ## """"""" ######? #/ | | ????????????????#?##?### ## +? ? ###### | | ??????????????????#?#?##! ! ## #### ###### | | ???????????????#??################# ###? "" ##?### | | ????????????#?##?##???######== #### ###? Y" ####?# | | ???????????????####?########== #### #### "" ###### | | ??????????????????#??#######! #### #### ##### | | ?????????#?????#??#####?####!! ### | | ????????????^?? T?????######! ! | | ???????????^^^^ #?#######!! T < | | ?????????^???^ #?########### % *% | | ?????????^?? """ ############# ### # %# | | ????????? ? """ #####?################ | | ??????????? """ ###################### [ | | ??????????? gw ####################### | | ????????# | | ????? ???? / # | | ??????#??? so # | | ?????##?#? #### #######+######## #### = | | ???????#? ss#### @#### ###### #### = | | ???##???? ###T ! T #### ###### ###### | | ????#?#?# s#### #### ###### ###### | | ???#????# #### a #### ######^^##?#?# | | ?????###? #### =#### ######s ###### | | ??????### #### %%#### [ ######s #?### | | ??#????## #### #####r################# #?#?# | | ??#?##### #### # !%!! ### | | ?????##??? #### # """"""" ### """"""? # ? | | ??????### ? #### # """"""" ### """"""" % ? | | ?????#??# #### # """"""" + + """"""" %% | | ???#???## #### # """"""" ### """"""" #[ """? | | ???#???## ? #### # """"""" ### """"""" # # ""? | | ?????#?#?? ?#?## # ### # # "??? | | ??????#?? ?#### # ! ## ! ! # # ? | | ????? ?? #### ####################### ####?? | | ????? ??? ?#### ####################### #####? | | ???????"?????### ###### ######## ??#??? | | ????? ""? ????## ## # #?###?#? ????? | | ?????? ?? ? ?### ## # ####### ???????? | | ????????????#### ## # ? ??##?# ??? ???? | | ????????# ??#?## ## # ######?????????? | | ??????????? #?## ?# # ##?###?????????? | | ??????????????## #?? # ?? ? ? ?#?#??#????????? | | ??????????????## #?? #?? ? ###???#????????? | +----------------------------------------------------+ Best States ------------- Heat Dissipation 35 Energy Generation 14 Energy Capacity 250 Matter Stores 300 Matter Capacity 300 Sight Range 16 Robot Scan Range 14 Terrain Scan Range 16 Terrain Scan Density 210 Evasion (%) 55 Targeting Accuracy 5 Recoil Reduction 2 Item Schematics ----------------- None Robot Schematics ------------------ None Fabricated ------------ Nothing Alien Tech Used ----------------- None Achievements -------------- None Challenges ------------ None Game ------ Seed CatalystBattleUnit Manual? 0 Play Time 00:37:14 Cumulative 66.3 hours Start 2024.05.29 @ 14:29:15 End 2024.06.09 @ 17:11:28 Sessions 3 Manual Loads 0 Difficulty Rogue Special Mode None Game No. 41 Rogue 41 Adventurer 0 Explorer 0 Win Type - Total 0 Types 0/0/0/0/0/0/0/0/0 Lore% 44 Gallery% 49 Achievement% 35 Wizard Run 0 Options --------- Layout 0 ASCII 0 Keyboard 0 Movement Mouse Keybinds 0 Fullscreen 2 Font 18/SmallcapsGlow Map View 76x50 Zoom Use 0% Tactical HUD 1 Map Filters NONE Filters NONE Steam 1 RUN: 58a9d40d-7559-44bb-bd6b-285d30e2e6bf